 Dungeon Crawl Stone Soup version 0.30.1 (webtiles) character file.

Game seed: 9101287889252739201

7735 Graphine the Cleaver (level 11, 0/97 HPs)
             Began as a Hill Orc Fighter on July 7, 2023.
             Was a Follower of Sif Muna.
             Slain by a death yak (20 damage)
             ... on level 8 of the Dungeon.
             The game lasted 00:18:19 (7740 turns).

Graphine the Cleaver (Hill Orc Fighter)             Turns: 7740, Time: 00:18:19

Health: 0/97       AC: 18    Str: 30    XL:     11   Next: 19%
Magic:  15/16      EV:  7    Int:  8    God:    Sif Muna [*.....]
Gold:   1145       SH: 10    Dex: 10    Spells: 10/10 levels left

rFire   . . .        y - +2 broad axe (flame)
rCold   + . .        c - +0 buckler
rNeg    . . .        r - +0 plate armour
rPois   .            A - +0 helmet
rElec   .            (no cloak)
rCorr   .            E - +0 pair of gloves
SInv    .            F - +0 pair of boots
Will    .....        j - amulet of reflection Stlth
                     d - +6 ring of strength
HPRegen 0.36/turn    m - ring of protection from cold
MPRegen 0.15/turn

%: reflection
@: no status effects
A: no striking features
a: Renounce Religion, Channel Magic


You were on level 8 of the Dungeon.
You worshipped Sif Muna.
Sif Muna was aware of your devotion.
You visited 2 branches of the dungeon, and saw 9 of its levels.
You also visited: Bailey.

You collected 1145 gold pieces.

Inventory:

Hand Weapons
 a - a +3 flail
 q - a +1 heavy war axe
 y - a +2 broad axe of flaming (weapon)
 D - a +2 morningstar
Missiles
 n - 6 javelins (quivered)
 x - a throwing net
 G - 4 datura-tipped darts
Armour
 c - a +0 buckler (worn)
 r - a +0 plate armour (worn)
 A - a +0 helmet (worn)
 E - a +0 pair of gloves (worn)
 F - a +0 pair of boots (worn)
Magical Staves
 s - the staff of cold "Hyucruamp" {rC+ Int+2 Dex+3}
   (You took it off a goblin on level 3 of the Dungeon)

   [staff of cold]

   Base accuracy: +5 Base damage: 5 Base attack delay: 1.2 This weapon's minimum
   attack delay (0.6) is reached at skill level 12.
   Int:       It affects your intelligence (+2).
   Dex:       It affects your dexterity (+3).
   rC:        It protects you from cold.
   It falls into the 'Staves' category.
   It is a one-handed weapon.
Jewellery
 d - a +6 ring of strength (left hand)
 e - a ring of positive energy
 j - an amulet of reflection (around neck)
 m - a ring of protection from cold (right hand)
Wands
 k - a wand of light (2)
Scrolls
 b - a scroll of enchant weapon
 o - 3 scrolls of poison
 v - 5 scrolls of teleportation
 B - 2 scrolls of immolation
 C - a scroll of noise {unknown}
Potions
 f - a potion of lignification
 g - a potion of magic
 h - 2 potions of attraction
 i - 5 potions of curing
 l - 2 potions of mutation
 p - a potion of ambrosia {unknown}
 t - a potion of heal wounds {unknown}
 u - 3 potions of degeneration {unknown}
 w - 4 potions of brilliance {unknown}
 z - 2 potions of resistance {unknown}
 H - a potion of cancellation {unknown}


   Skills:
 + Level 9.4 Fighting
 * Level 13.5 Axes
 + Level 8.7 Armour
 + Level 8.6 Shields
 + Level 6.7 Invocations


You had 10 spell levels left.
You didn't know any spells.
Your spell library contained the following spells:

 Spells                   Type           Power      Damage    Failure   Level
 Blink                    Tloc           0%         N/A       99%         2
 Lesser Beckoning         Tloc           0%         N/A       99%         2
 Momentum Strike          Conj/Tloc      0%         3d8       99%         2
 Poisonous Vapours        Pois/Air       0%         N/A       99%         2
 Gell's Gravitas          Tloc           0%         N/A       100%        3
 Ignite Poison            Fire/Tmut/Pois 0%         N/A       100%        3
 Mephitic Cloud           Conj/Pois/Air  0%         N/A       100%        3
 Teleport Other           Tloc           0%         N/A       100%        3
 Anguish                  Hex/Necr       0%         N/A       100%        4
 Cause Fear               Hex            0%         N/A       100%        4
 Sticky Flame             Conj/Fire      0%         2d3       100%        4
 Freezing Cloud           Conj/Ice/Air   0%         6-21      100%        5
 Enfeeble                 Hex            0%         N/A       100%        7
 Ignition                 Fire           0%         3d3       100%        8


Dungeon Overview and Level Annotations

Branches:
Dungeon (8/15)             Temple (1/1) D:6          Bailey (visited)
   Lair: D:8-11

Altars:
Ashenzari
Cheibriados
Dithmenos
Elyvilon
Fedhas
Gozag
Hepliaklqana
Kikubaaqudgha
Okawaru
Qazlal
Sif Muna
Trog
Uskayaw
Vehumet
Wu Jian
Zin
The Shining One


Message History

The death yak gores you.
Cleave: y) +2 broad axe (flame)
Press: ? - help, Dir - move target, f/p - death yak
Aim: a death yak (almost dead, about 19% to evade your +2 broad axe of flaming)
You hit the death yak but do no damage.
The death yak is almost dead.
The death yak gores you.
Unknown command.
Cleave: y) +2 broad axe (flame)
Press: ? - help, Dir - move target, f/p - death yak
Aim: a death yak (almost dead, about 19% to evade your +2 broad axe of flaming)
You slice the death yak!! You burn the death yak.
You kill the death yak!
Sif Muna accepts your kill.
Unknown command.
Cleave: y) +2 broad axe (flame)
Press: ? - help, Dir - move target, f - death yak
Aim: a death yak (about 19% to evade your +2 broad axe of flaming)
You hit the death yak. You burn the death yak.
The death yak is lightly wounded.
The death yak gores you but does no damage.
Unknown command.
Cleave: y) +2 broad axe (flame)
Press: ? - help, Dir - move target, f/p - death yak
Aim: a death yak (lightly wounded, about 19% to evade your +2 broad axe of flaming)
You slash the death yak! You burn the death yak.
The death yak is lightly wounded.
The death yak gores you!
* * * LOW HITPOINT WARNING * * *
Aiming: Bolt of Light
Press: ? - help, Shift-Dir - straight line, f - steam dragon, p - death yak
Aim: a steam dragon (severely wounded, 71% to hit)
The bolt of light hits the death yak!
The death yak is moderately wounded.
The death yak is blinded.
The bolt of light hits the steam dragon!
You kill the steam dragon!
Sif Muna accepts your kill. The death yak gores you!!
You die...

.###.. ..... . ....
.D ### ...#... ..#
.....Y.
#.######......#
#.#..@#Y......
#..###Y5...... #.#
##..# #..#..... #.#
#.###.#.###........
#.# #...###...#.###
. #.#
####..........# #.#
#...####..... #.#
###...### ....
#.######.......#
....


You could see a death yak (blind) and a shadow imp.

Vanquished Creatures
  3 death yaks (D:8)
  An orc knight (Bailey)
  Pikel (D:7)
  Joseph (D:7)
  Maggie (D:6)
  Grinder (D:3)
  Prince Ribbit (D:6)
  2 humans (D:7)
  2 steam dragons (D:8)
  Menkaure (D:6)
  A water moccasin (D:6)
  A sky beast (D:6)
  4 orc warriors
  5 ice beasts
  3 black bears
  2 ogres
  2 centaurs
  A lemure (D:7)
  A phantom (D:4)
  7 kobold brigands
  3 bullfrogs (D:7)
  A scorpion (D:5)
  A gnoll sergeant (D:6)
  5 wights (D:7)
  5 killer bees (D:8)
  A howler monkey (D:4)
  An orc priest (D:5)
  3 hounds
  Ijyb (D:3)
  2 iguanas (D:5)
  A sleepcap (D:6)
  7 orc wizards
  Robin (D:3)
  4 gnolls (D:6)
  8 adders
  A white imp (D:5)
  An ufetubus (D:5)
  2 worms (D:2)
  2 dart slugs
  14 orcs
  5 bats
  6 endoplasms
  5 giant cockroaches
  15 goblins
  11 hobgoblins
  2 jackals (D:4)
  21 kobolds
  2 quokkas
  7 ball pythons (D:3)
  5 frilled lizards
  6 rats
190 creatures vanquished.

Vanquished Creatures (others)
  An orc warrior (Bailey)
1 creature vanquished.

Grand Total: 191 creatures vanquished

Notes
Turn   | Place    | Note
-------+----------+-------------------------------------------
     0 | D:1      | Graphine the Hill Orc Fighter began the quest for the Orb.
     0 | D:1      | Reached XP level 1. HP: 19/19 MP: 1/1
    75 | D:1      | Reached skill level 3 in Axes
   106 | D:1      | Reached XP level 2. HP: 22/27 MP: 2/2
  1129 | D:2      | Reached XP level 3. HP: 32/33 MP: 3/3
  1294 | D:2      | Reached skill level 4 in Axes
  1525 | D:2      | Reached XP level 4. HP: 40/40 MP: 4/4
  1836 | D:3      | Found an opulent altar of Gozag.
  1837 | D:3      | Noticed Ijyb
  1851 | D:3      | Killed Ijyb
  1983 | D:3      | Reached XP level 5. HP: 47/47 MP: 5/5
  2025 | D:3      | Noticed Grinder
  2036 | D:3      | Paralysed by Grinder for 5 turns
  2043 | D:3      | Killed Grinder
  2044 | D:3      | Reached skill level 5 in Axes
  2044 | D:3      | Reached XP level 6. HP: 55/55 MP: 6/6
  2160 | D:3      | Noticed Robin
  2163 | D:3      | Identified the staff of cold "Hyucruamp" {rC+ Int+2 Dex+3}
  2170 | D:3      | Killed Robin
  2171 | D:3      | Reached skill level 5 in Fighting
  2171 | D:3      | Reached skill level 6 in Axes
  2516 | D:3      | Found a faded altar of an unknown god.
  2672 | D:4      | Reached XP level 7. HP: 20/61 MP: 7/7
  3335 | D:4      | Reached skill level 5 in Armour
  3335 | D:4      | Reached skill level 5 in Shields
  3437 | D:5      | Entered Level 5 of the Dungeon
  3442 | D:5      | Reached skill level 7 in Axes
  3531 | D:5      | Reached XP level 8. HP: 30/70 MP: 8/8
  3712 | D:5      | Reached skill level 8 in Axes
  4283 | D:6      | Reached skill level 9 in Axes
  4285 | D:6      | Noticed Prince Ribbit
  4288 | D:6      | Killed Prince Ribbit
  4427 | D:6      | Found a staircase to the Ecumenical Temple.
  4437 | Temple   | Entered the Ecumenical Temple
  4488 | Temple   | Became a worshipper of Sif Muna the Loreminder
  4747 | D:6      | Noticed Menkaure
  4754 | D:6      | Killed Menkaure
  4755 | D:6      | Reached skill level 1 in Invocations
  4755 | D:6      | Reached XP level 9. HP: 73/79 MP: 9/9
  5189 | D:6      | Noticed Maggie
  5199 | D:6      | Killed Maggie
  5200 | D:6      | Reached skill level 10 in Axes
  5710 | D:7      | Noticed Pikel
  5715 | D:7      | Noticed Joseph
  5720 | D:7      | Killed Pikel
  5721 | D:7      | Reached skill level 11 in Axes
  5721 | D:7      | Reached XP level 10. HP: 77/88 MP: 11/13
  5731 | D:7      | Killed Joseph
  5858 | D:7      | Found an iron altar of Okawaru.
  5901 | D:7      | Found a glowing golden altar of the Shining One.
  5943 | D:7      | Found a flagged portal.
  5952 | D:7      | Reached skill level 5 in Invocations
  5956 | Bailey   | Entered a bailey
  5971 | Bailey   | Reached * piety under Sif Muna
  5983 | Bailey   | Reached skill level 12 in Axes
  6282 | Bailey   | Noticed an orc knight
  6328 | Bailey   | Killed an orc knight
  6566 | Bailey   | Found a bloodstained altar of Trog.
  7708 | D:8      | Noticed a death yak
  7709 | D:8      | Noticed a death yak
  7723 | D:8      | Killed a death yak
  7724 | D:8      | Reached skill level 13 in Axes
  7724 | D:8      | Reached XP level 11. HP: 48/97 MP: 15/15
  7724 | D:8      | Noticed a death yak
  7725 | D:8      | Noticed a death yak
  7728 | D:8      | Noticed a death yak
  7729 | D:8      | Killed a death yak
  7737 | D:8      | Killed a death yak
  7740 | D:8      | Slain by a death yak

Illustrated notes

Levels and vault maps discovered:
D:1:      giann_wishing_wells, layout_basic, minmay_3d_cube
D:2:      layout_rooms, lightli_corner_chamber
D:3:      layout_rooms, nicolae_gozag_seed_capital,
          hellmonk_ecumenical_altar_leap_of_faith, kennysheep_donut,
          minmay_gold_behind_fungi, minmay_snake_closets, uniq_ijyb,
          uniq_grinder, uniq_robin
D:4:      cheibrodos_helix_gallery, layout_basic
D:5:      layout_rooms, serial_bayou_pond_c
D:6:      layout_basic, minmay_temple_entry_poolview, hangedman_decor_lopped,
          uniq_maggie, uniq_prince_ribbit1, uniq_menkaure
D:7:      layout_loops_ring, okawaru_humans, lemuel_crystal_altar,
          enter_bailey_6, uniq_pikel, uniq_joseph
D:8:      layout_loops_ring, dpeg_lair_monsters, grunt_decor_arrowhead,
          nicolae_zen_rock_garden, kennysheep_crisscross
Temple:   minmay_temple_curvy_branch

Skill      XL: |  1  2  3  4  5  6  7  8  9 10 |
---------------+-------------------------------+-----
Axes           | 3 4 5 6 7 9 11 13 | 13.5
Fighting       | 4 5 7 8 9 |  9.4
Armour         | 4 5 6 7 8 |  8.7
Shields        | 4 5 6 7 8 |  8.6
Invocations    | 1 4 6 |  6.7

Action                     |  1- 3 |  4- 6 |  7- 9 | 10-12 || total
---------------------------+-------+-------+-------+-------++-------
  Melee: War axe           |   142 |    77 |    92 |       ||   311
         Broad axe         |       |       |    36 |   173 ||   209
  Throw: Javelin           |       |     1 |     1 |       ||     2
         Throwing net      |       |       |       |     1 ||     1
  Evoke: Wand              |       |     7 |     6 |     5 ||    18
    Use: Scroll            |     1 |     5 |     7 |     3 ||    16
         Potion            |       |     1 |     1 |     5 ||     7
   Stab: Paralysed         |       |       |     2 |       ||     2
         Invisible         |       |       |       |     2 ||     2
         Held in net/web   |       |       |       |     1 ||     1
 Armour: Scale mail        |    66 |    43 |    71 |    12 ||   192
         Plate armour      |       |       |       |    29 ||    29
         Skin              |       |       |       |    12 ||    12
  Dodge: Dodged            |    63 |    43 |    57 |    53 ||   216
  Block: Buckler           |    41 |    45 |    79 |    76 ||   241
         Reflection        |       |       |     4 |     9 ||    13
